 Dungeon Crawl Stone Soup version 0.27.0-1-g7a089689b8 (webtiles) character file.

Game seed: 14774343018011821238

96 ZombieSheep the Sneak (level 4, -4/28 HPs)
             Began as an Octopode Enchanter on Aug 3, 2021.
             Was an Initiate of Hepliaklqana.
             Slain by an ogre (26 damage)
             ... on level 4 of the Dungeon.
             The game lasted 00:05:14 (3131 turns).

ZombieSheep the Sneak (Octopode Enchanter)          Turns: 3131, Time: 00:05:15

Health: -4/28      AC:  1    Str:  7    XL:     4   Next: 67%
Magic:  4/7        EV: 13    Int: 18    God:    Hepliaklqana [......]
Gold:   71         SH:  0    Dex: 12    Spells: 4/8 levels left

rFire    . . .     SeeInvis .   a - +1 dagger (vorpal)
rCold    . . .     Faith    .   (no shield)
rNeg     . . .     Spirit   .   (helmet restricted)
rPois    .         Reflect  .   (no amulet)
rElec    .         Harm     .   h - ring of willpower
rCorr    .         Rampage  .   (no ring)
Will     +....                  (no ring)
Stlth    ++++......             (no ring)
HPRegen  0.09/turn              (no ring)
MPRegen  0.10/turn              (no ring)
                                (no ring)
                                (no ring)

@: no status effects
A: almost no armour, amphibious, 8 rings, camouflage 1, gelatinous body 1,
(nimble swimmer 1), tentacles
a: Renounce Religion


You were on level 4 of the Dungeon.
You worshipped Hepliaklqana.
Hepliaklqana was noncommittal.
You visited 1 branch of the dungeon, and saw 4 of its levels.

You collected 71 gold pieces.

Inventory:

Hand Weapons
 a - a +1 vorpal dagger (weapon)
Missiles
 f - 18 poisoned darts
Jewellery
 h - a ring of willpower (left tentacle)
Scrolls
 c - a scroll of blinking {unknown}
Potions
 b - a potion of heal wounds
 d - a potion of flight
 e - a potion of attraction {unknown}
 g - a potion of haste {unknown}
 i - a potion of mutation {unknown}
 k - 2 potions of curing


   Skills:
 + Level 1.5 Fighting
 + Level 2.0 Short Blades
 + Level 2.7 Dodging
 + Level 4.8 Stealth
 + Level 2.5 Spellcasting
 - Level 3.0 Hexes


You had 4 spell levels left.
You knew the following spells:

 Your Spells              Type           Power      Damage    Failure   Level
a - Corona                Hex            14%        N/A       4%          1
b - Dazzling Flash        Conj/Hex       14%        N/A       28%         3

Your spell library contained the following spells:

 Spells                   Type           Power      Damage    Failure   Level
 Ensorcelled Hibernation  Hex/Ice        14%        N/A       14%         2
 Confusing Touch          Hex            13%        N/A       16%         3
 Tukima's Dance           Hex            13%        N/A       16%         3


Dungeon Overview and Level Annotations

Branches:
Dungeon (4/15)
 Temple: D:4-7

Altars:
Hepliaklqana
Nemelex Xobeh
Xom

Annotations:
D:3 Grinder


Innate Abilities, Weirdness & Mutations

You cannot wear most types of armour.
You are amphibious.
You can wear up to eight rings at the same time.
Your skin changes colour to match your surroundings (Stealth+).
Your rubbery body absorbs attacks. (AC +1, EV +1)
((You are camouflaged near water. (Stealth+)))
You have tentacles for arms and can constrict up to eight enemies at once.


Message History

Hepliaklqana welcomes you!
You now have 71 gold pieces (gained 19).
There is an open door here.
Grinder comes into view.
Grinder shouts!
Grinder blinks!
There is a stone staircase leading down here.
You climb downwards.
Found a scroll labelled UCANAFIPPO.
Found a stone staircase leading up.
There is a stone staircase leading up here.
An adder comes into view.
You see here a scroll labelled UCANAFIPPO.
c - a scroll labelled UCANAFIPPO The helpless adder fails to defend itself.
You puncture the adder!
You kill the adder!
Your Short Blades skill increases to level 2!
You see here an adder corpse.
You open the door.
Found a shimmering altar of Xom.
There is an open door here.
There is a shimmering altar of Xom here.
As you open the door, it creaks loudly!
An ogre comes into view. It is wielding a +0 giant spiked club.
The ogre shouts!
Okay, then.
Casting: Corona (safe; 4% risk of failure)
Confirm with . or Enter, or press ? or * to list all spells.
The spell is extremely dangerous to cast (28% risk of failure)!
Continue anyway?
The ogre is dazzled.
The ogre barely misses you.
You barely miss the ogre. You squeeze the ogre.
The ogre is lightly wounded.
You hit the ogre but do no damage. You squeeze the ogre, but do no damage.
The ogre is lightly wounded.
The ogre hits you with a +0 giant spiked club.
You hit the ogre but do no damage. You squeeze the ogre, but do no damage.
The ogre is lightly wounded.
The ogre hits you with a +0 giant spiked club!!
Ouch! That really hurt!
You die...

#######.##
#.'@O....#
#.###......
#.#.# ...##
#..†# ....
# ###.# ###
#. #.#
#.####.# #
#......#
#.##.....#


You could see an ogre (wandering, blind).

Vanquished Creatures
  3 adders
  A worm (D:2)
  A dart slug (D:2)
  9 endoplasms
  A giant cockroach (D:2)
  4 goblins
  8 hobgoblins
  5 jackals
  4 kobolds
  3 quokkas
  5 ball pythons
  6 bats
  3 frilled lizards (D:1)
  4 rats
57 creatures vanquished.

Notes
Turn   | Place    | Note
-------+----------+-------------------------------------------
     0 | D:1      | ZombieSheep the Octopode Enchanter began the quest for the
                  | Orb.
     0 | D:1      | Reached XP level 1. HP: 11/11 MP: 3/3
   201 | D:1      | Reached XP level 2. HP: 18/18 MP: 5/5
   912 | D:1      | Reached XP level 3. HP: 22/22 MP: 6/6
  1021 | D:1      | Reached skill level 1 in Fighting
  1730 | D:2      | Learned a level 3 spell: Dazzling Flash
  1844 | D:2      | Reached XP level 4. HP: 9/28 MP: 7/7
  2826 | D:3      | Found a sparkling altar of Nemelex Xobeh.
  2956 | D:3      | Found a faded altar of an unknown god.
  2956 | D:3      | Found a hazy altar of Hepliaklqana.
  3040 | D:3      | Found a faded altar of an unknown god.
  3047 | D:3      | Became a worshipper of Hepliaklqana the Forgotten
  3082 | D:3      | Noticed Grinder
  3124 | D:4      | Found a shimmering altar of Xom.
  3127 | D:4      | Noticed an ogre
  3131 | D:4      | Slain by an ogre

Illustrated notes

Levels and vault maps discovered:
D:1:      grunt_arrival_lava_bath, layout_loops_corners
D:2:      layout_basic, st_stairs_9, minivault_26, serial_bayou_pond_c
D:3:      layout_loops_ring, nicolae_hepliaklqana_ecumenical_no_more,
          mainiacjoe_overflow_six_doors_small, general_overflow_altar,
          basic_ecumenical_altar, minmay_misc_feat_chi, uniq_grinder
D:4:      layout_loops_ring, kennysheep_mini, chequers_hall_statues_y, uniq_ijyb

Skill      XL: |  1  2  3  4 |
---------------+-------------+-----
Fighting       | 1 |  1.5
Short Blades   | 2 |  2.0
Dodging        | |  2.7
Stealth        | |  4.8
Spellcasting   | |  2.5
Hexes          | |  3.0

Action                   |  1- 3 |  4- 6 || total
-------------------------+-------+-------++-------
Melee: Dagger            |    93 |    39 ||   132
       Constrict         |    17 |     8 ||    25
       Tentacles         |    14 |     9 ||    23
 Cast: Corona            |     1 |       ||     1
       Dazzling Flash    |       |     1 ||     1
  Use: Scroll            |     3 |     3 ||     6
 Stab: Sleeping          |    13 |     4 ||    17
Armor: Skin              |     4 |     2 ||     6
Dodge: Dodged            |    47 |    17 ||    64
